Map: Dusty Gorge

Players

Throwfordays

  • Race: Protoss Protoss
  • League: Bronze
  • Spawn Location: 9:00

Cthulhu

  • Race: Protoss Protoss
  • Spawn Location: 11:00

Ynoham

  • Race: Terran Terran
  • Spawn Location: 3:00

Mike

  • Race: Zerg Zerg
  • Spawn Location: 5:00

VOD

Have the link to the VOD?

Description

Time

  • Played on: Jan. 29, 2019, 11:08 p.m.
  • Length: 13:53
Show
View Real Time Build Order
Export as new Build Order

Throwfordays Protoss 

Build Orders: 1 Gate Expand 

Get SALT Encoding   

  12  0:01  Probe  
  13  0:13  Probe  
  14  0:18  Pylon  
  14  0:25  Probe  
  15  0:37  Probe  
  15  0:39  Gateway  
  17  0:50  Probe  
  17  0:51  Assimilator  
  17  1:02  Probe  
  18  1:14  Probe  
  19  1:26  Cybernetics Core, Probe  
  19  1:32  Warp Gate  
  20  1:44  Nexus  
  20  1:49  Pylon  
  20  2:03  Assimilator  
  20  2:09  Pylon  
  20  2:19  Stalker  
  22  2:27  Forge  
  22  2:31  Probe  
  23  2:43  Probe  
  24  2:48  Gateway  
  24  2:55  Probe  
  24  2:57  Probe  
  26  3:05  Probe  
  26  3:11  Probe  
  28  3:15  Probe  
  29  3:21  Protoss Ground Weapons Level 1  
  29  3:23  Probe  
  30  3:27  Probe  
  31  3:35  Probe  
  31  3:39  Gateway, Probe  
  33  3:48  Probe  
  34  3:51  Probe  
  34  3:53  Gateway  
  35  3:59  Pylon  
  35  4:00  Probe  
  36  4:03  Probe  
  37  4:12  Probe  
  37  4:14  Stalker  
  37  4:15  Stalker  
  37  4:16  Probe  
  43  4:29  Pylon  
  43  4:34  Stalker  
  43  4:47  Stalker  
  43  4:48  Stalker  
  47  4:55  Stalker  
  49  5:03  Gateway  
  49  5:10  Assimilator  
  49  5:14  Assimilator  
  49  5:16  Probe  
  49  5:19  Stalker  
  49  5:20  Stalker x3  
  58  5:28  Probe  
  59  5:43  Pylon  
  59  5:45  Stalker x3  
  59  5:46  Stalker  
  67  5:54  Protoss Shields Level 1  
  67  5:55  Pylon  
  67  6:04  Robotics Facility  
  67  6:08  Gateway  
  67  6:15  Pylon  
  67  6:21  Twilight Council  
  67  6:26  Probe  
  68  6:33  Stalker x2  
  68  6:34  Stalker  
  68  6:35  Stalker  
  68  6:39  Probe  
  77  6:41  Probe  
  78  6:51  Probe  
  78  6:53  Observer  
  78  6:54  Probe  
  81  6:55  Blink  
  81  7:03  Probe  
  81  7:06  Probe  
  83  7:13  Warp Prism  
  81  7:32  Stalker x2  
  81  7:33  Stalker x3  
  65  7:54  Stalker  
  65  7:55  Stalker x2  
  65  7:56  Stalker x2  
  59  8:08  Stalker  
  60  8:29  Stalker  
  60  8:30  Stalker x2  
  66  8:35  Protoss Ground Weapons Level 2  
  66  8:39  Stalker x3  
  56  9:08  Nexus  
  56  9:11  Pylon  
  56  9:14  Stalker x4  
  56  9:15  Stalker  
  56  9:16  Stalker  
  66  9:44  Assimilator  
  66  9:45  Pylon  
  66  9:48  Pylon  
  66  9:49  Assimilator, Probe  
  66  9:52  Probe  
  64  9:54  Stalker x4  
  64  9:55  Nexus, Stalker  
  71  10:01  Probe  
  71  10:04  Probe  
  71  10:05  Stalker  
  75  10:13  Probe  
  76  10:16  Probe  
  76  10:20  Robotics Facility  
  77  10:22  Probe  
  77  10:23  Robotics Facility  
  77  10:25  Robotics Facility, Probe  
  60  10:28  Probe  
  60  10:34  Probe  
  61  10:37  Probe  
  61  10:40  Probe  
  63  10:47  Probe  
  63  10:49  Probe  
  63  10:54  Pylon  
  63  10:58  Pylon  
  63  11:00  Pylon, Robotics Facility x2  
  61  11:05  Pylon  
  61  11:07  Pylon  
  61  11:14  Robotics Bay  
  61  11:15  Immortal  
  69  11:25  Probe  
  70  11:29  Immortal  
  74  11:37  Probe  
  75  11:49  Probe, Immortal  
  75  11:51  Immortal x2  
  75  11:53  Extended Thermal Lance  
  84  12:00  Colossus  
  90  12:01  Probe  
  90  12:11  Colossus  
  92  12:27  Colossus  
  92  12:28  Pylon  
  91  12:30  Pylon  
  91  12:32  Pylon  
  84  12:41  Pylon  
  84  12:43  Pylon  
  76  12:44  Pylon  
Show
View Real Time Build Order
Export as new Build Order

Cthulhu Protoss 

Build Orders:  

Get SALT Encoding   

  1  0:00  Probe  
  12  0:05  Probe  
  14  0:21  Pylon  
  14  0:22  Probe  
  15  0:39  Probe  
  15  0:41  Gateway  
  16  0:51  Probe  
  17  0:59  Probe  
  18  1:06  Assimilator  
  18  1:15  Pylon  
  18  1:25  Probe  
  19  1:29  Cybernetics Core  
  19  1:32  Gateway  
  19  1:43  Zealot  
  21  1:48  Warp Gate  
  21  2:06  Nexus  
  21  2:14  Probe  
  22  2:24  Pylon  
  22  2:34  Probe  
  23  2:37  Assimilator  
  23  2:44  Stalker  
  23  2:45  Stalker  
  23  2:49  Probe  
  28  3:08  Assimilator  
  29  3:12  Probe  
  29  3:25  Probe  
  30  3:37  Probe  
  31  3:43  Gateway  
  31  3:44  Gateway  
  31  3:50  Forge  
  31  3:55  Probe x2  
  33  4:22  Pylon  
  33  4:23  Protoss Ground Weapons Level 1  
  33  4:35  Twilight Council  
  33  4:40  Stalker x2  
  37  4:55  Blink  
  37  5:06  Forge  
  37  5:12  Photon Cannon  
  37  5:30  Gateway, Stalker x3  
  37  5:31  Stalker  
  45  5:43  Protoss Ground Armor Level 1  
  45  5:53  Nexus  
  45  5:55  Probe x2  
  47  6:19  Robotics Facility  
  47  6:21  Gateway  
  47  6:28  Pylon  
  47  6:38  Probe  
  47  6:39  Probe  
  49  6:51  Probe  
  49  6:53  Stalker x2  
  54  7:06  Probe  
  54  7:07  Probe  
  54  7:08  Probe  
  55  7:25  Pylon  
  43  8:01  Stalker x5  
  43  8:02  Stalker  
  37  8:42  Stalker x4  
  37  8:43  Stalker x2  
  37  8:46  Nexus  
  49  9:00  Photon Cannon  
  49  9:02  Photon Cannon  
  49  9:05  Protoss Ground Weapons Level 2  
  49  9:06  Stalker x4  
  49  9:07  Sentry  
  49  9:08  Sentry, Protoss Ground Armor Level 2  
  61  9:40  Observer  
  60  10:01  Observer  
  51  10:33  Stalker x3  
  51  10:34  Stalker x3  
  53  10:52  Probe  
  53  10:56  Photon Cannon  
  53  10:57  Photon Cannon  
  52  11:04  Probe  
  52  11:10  Stalker x3  
  59  11:11  Sentry x2  
  59  11:12  Stalker  
  43  11:27  Probe  
  39  11:35  Probe  
  40  11:40  Stalker x5  
  40  11:41  Stalker  
  40  11:45  Pylon, Probe  
  52  11:48  Assimilator  
  52  11:50  Probe x2  
  55  11:57  Probe  
  56  12:02  Probe  
  57  12:09  Probe, Dark Shrine  
  57  12:14  Stalker x2  
  57  12:15  Stalker x4  
  70  13:46  Stalker x3  
  70  13:47  Stalker x3  
Show
View Real Time Build Order
Export as new Build Order

Ynoham Terran 

Build Orders: 2 Factory, Gas First Reaper Expand, Mech 

Get SALT Encoding   

  12  0:01  SCV  
  13  0:13  SCV  
  14  0:19  Supply Depot  
  14  0:28  Refinery  
  14  0:30  SCV  
  15  0:42  SCV  
  16  0:49  Barracks  
  16  0:54  SCV  
  17  1:07  SCV  
  18  1:19  SCV  
  19  1:37  Orbital Command  
  19  1:39  Reaper  
  19  1:55  Command Center  
  19  2:02  SCV  
  20  2:14  Factory  
  20  2:15  Barracks Reactor, SCV  
  21  2:27  SCV  
  21  2:28  Supply Depot  
  22  2:30  Refinery  
  22  2:39  SCV  
  23  3:08  Factory  
  23  3:13  Barracks Tech Lab  
  23  3:16  Supply Depot  
  23  3:18  SCV  
  24  3:21  Orbital Command  
  24  3:30  SCV  
  24  3:32  Hellion x2  
  29  3:41  Supply Depot  
  29  3:46  SCV  
  30  3:53  SCV  
  31  3:58  SCV  
  32  4:03  Hellion  
  32  4:04  Hellion  
  32  4:05  SCV  
  37  4:10  SCV  
  38  4:17  SCV  
  38  4:22  Factory  
  38  4:23  Barracks Tech Lab  
  36  4:47  SCV x2  
  36  4:53  Supply Depot  
  36  4:54  Siege Tank  
  36  4:59  SCV x2  
  41  5:03  Hellion x2  
  45  5:09  Armory  
  45  5:16  Factory Tech Lab  
  45  5:23  Factory  
  45  5:26  Siege Tank  
  45  5:28  Supply Depot  
  46  5:54  Hellion x2  
  50  5:58  Siege Tank  
  53  6:16  Hellion x2  
  57  6:21  Supply Depot  
  57  6:24  Refinery  
  57  6:26  Refinery, SCV x2  
  57  6:30  Siege Tank  
  62  6:33  Engineering Bay  
  62  6:37  Hellbat x2  
  62  6:38  SCV  
  62  6:39  SCV  
  68  6:43  Thor  
  74  6:50  SCV  
  74  6:51  SCV  
  76  6:58  Hellbat x2  
  80  7:02  Siege Tank, Cyclone  
  80  7:06  Supply Depot  
  86  7:10  Supply Depot  
  86  7:21  Hellbat  
  72  7:34  Hellbat  
  60  7:41  Thor  
  60  7:43  Hellbat  
  62  7:46  Siege Tank  
  61  7:55  Hellbat  
  63  7:58  Supply Depot  
  63  8:04  Hellbat  
  65  8:17  Hellbat  
  67  8:25  Hellbat  
  69  8:30  Siege Tank  
  67  8:38  Hellbat  
  65  8:48  Siege Tank  
  65  8:53  Hellbat  
  64  9:00  Hellbat  
  66  9:04  Infernal Pre-Igniter  
  66  9:06  Mag-Field Accelerator  
  66  9:10  Supply Depot  
  66  9:12  SCV x2  
  66  9:14  Hellbat  
  70  9:21  Hellbat  
  72  9:24  SCV  
  72  9:25  SCV  
  74  9:33  Thor  
  74  9:34  Siege Tank  
  74  9:36  SCV, Hellbat  
  74  9:37  SCV  
  87  9:42  Hellbat  
  89  9:57  Hellbat  
  91  10:06  Siege Tank  
  85  10:41  Siege Tank  
  88  10:49  Thor  
  88  10:54  Hellbat x2  
  88  10:56  Supply Depot  
  98  10:59  Supply Depot  
  98  11:13  Siege Tank  
  98  11:15  Hellbat x2  
  99  11:36  Hellbat  
  99  11:37  Hellbat  
  103  11:46  Siege Tank  
  106  11:53  Thor  
  112  11:54  Cyclone  
  112  11:58  Hellbat x2  
  119  12:18  Siege Tank  
  119  12:19  Hellbat x2  
  126  12:27  Cyclone  
  129  12:36  Siege Tank  
  132  12:41  Hellbat  
  134  12:48  Hellbat  
  134  12:50  Siege Tank  
  134  12:55  Command Center  
  123  12:59  Cyclone  
  123  13:02  Hellbat  
Show
View Real Time Build Order
Export as new Build Order

Mike Zerg 

Build Orders: Pool First, Roach Hydra 

Get SALT Encoding   

  12  0:01  Drone  
  13  0:15  Drone  
  14  0:27  Spawning Pool  
  13  0:30  Drone  
  14  0:37  Extractor, Drone  
  14  0:46  Overlord  
  14  0:58  Extractor  
  14  1:00  Drone  
  14  1:06  Drone  
  14  1:07  Drone  
  16  1:15  Drone  
  16  1:17  Queen  
  19  1:32  Roach Warren  
  18  1:35  Drone  
  19  1:40  Drone  
  20  1:53  Drone  
  21  1:57  Lair  
  21  2:04  Overlord  
  21  2:14  Drone  
  22  2:26  Drone  
  22  2:27  Drone x2  
  22  2:28  Drone  
  26  2:48  Hatchery  
  25  3:05  Drone x4  
  28  3:06  Drone  
  28  3:09  Overlord  
  30  3:28  Evolution Chamber  
  30  3:33  Queen  
  31  3:45  Overseer  
  31  3:48  Roach x3  
  37  3:49  Drone  
  37  3:52  Overlord  
  38  4:06  Hydralisk Den  
  37  4:20  Drone x2  
  37  4:21  Overlord x2  
  37  4:22  Roach  
  41  4:24  Roach  
  41  4:27  Roach  
  45  4:37  Roach  
  45  4:38  Roach  
  49  4:39  Roach  
  51  4:59  Hydralisk x2  
  55  5:00  Drone x2, Hydralisk  
  55  5:03  Drone  
  55  5:04  Drone  
  55  5:05  Drone  
  62  5:12  Queen  
  64  5:25  Hydralisk x2  
  64  5:26  Overlord  
  68  5:30  Overlord  
  68  5:46  Hydralisk x4  
  76  5:54  Drone x2  
  76  5:56  Roach, Hydralisk  
  82  6:20  Roach  
  82  6:21  Overlord  
  82  6:22  Overlord  
  84  6:25  Hatchery  
  84  6:27  Overseer  
  84  6:29  Overseer  
  83  6:33  Glial Reconstitution  
  83  6:36  Grooved Spines  
  83  6:38  Zerg Missile Weapons Level 1  
  83  6:45  Roach  
  83  6:46  Roach, Hydralisk  
  83  6:47  Hydralisk  
  89  6:49  Drone  
  89  6:51  Drone  
  93  6:55  Extractor  
  93  6:56  Extractor  
  91  7:04  Queen  
  91  7:35  Roach x2  
  91  7:36  Overlord x3, Roach x2  
  91  7:37  Overlord  
  99  7:45  Overlord x2  
  99  7:54  Queen  
  81  8:18  Drone  
  81  8:19  Drone  
  83  8:20  Roach x2, Hydralisk x2  
  89  8:27  Queen  
  91  8:41  Drone, Roach x2  
  93  8:42  Drone  
  95  9:00  Roach, Hydralisk x2  
  95  9:01  Overlord, Roach  
  103  9:13  Muscular Augments  
  103  9:30  Roach x2, Hydralisk x2  
  103  9:31  Overlord  
  81  10:10  Roach  
  81  10:11  Roach x3, Hydralisk x4  
  81  10:12  Zergling x6  
  81  10:13  Zergling x4  
  100  10:26  Overlord  
  98  10:55  Roach x4, Hydralisk x4  
  109  11:19  Roach x4, Hydralisk x2  
  119  11:43  Drone x2  
  119  11:44  Drone x4  
  119  11:45  Overlord, Roach x2, Hydralisk x2  
  133  12:12  Roach x3, Hydralisk x2  
  133  12:13  Roach  
  133  12:14  Overlord x2  
  145  12:49  Zergling x4  
  145  12:50  Zergling x6, Roach x2, Hydralisk  
  145  12:51  Overlord, Roach  
Tags
 
Add a new tag
Caveats
  • Supply blocks, unpowered buildings, or Contaminate may cause inaccurate times.
  • Supply counts are checked every 10 seconds.